 Dungeon Crawl Stone Soup version 0.17-a0-1248-g117de50 (webtiles) character file.

364 Xvorost the Covered (level 6, -1/40 HPs)
             Began as a Gargoyle Fighter on June 5, 2015.
             Slain by an ogre
             ... wielding a +0 giant club
              (21 damage)
             ... on level 4 of the Dungeon.
             The game lasted 00:09:39 (3453 turns).

Xvorost the Covered (Gargoyle Fighter)              Turns: 3453, Time: 00:09:39

Health: -1/40      AC: 11    Str: 19    XL:     6   Next: 67%
Magic:  6/6        EV:  9    Int:  9    God:
Gold:   92         SH:  7    Dex: 11    Spells: 0 memorised, 5 levels left

rFire  . . .     SeeInvis .     a - +0 flail
rCold  . . .     Clarity  .     b - +0 scale mail
rNeg   + . .     SustAt   .     v - +2 buckler
rPois  ∞         Gourm    .     (no helmet)
rElec  +         Spirit   .     (no cloak)
rCorr  .         Warding  .     (no gloves)
rMut   .         Stasis   .     (no boots)
MR     .....                    (no amulet)
Stlth  ..........               (no ring)
                                (no ring)

@: very slightly contaminated, hasted, very quick, not resistant to hostile
enchantments, extremely unstealthy
A: negative energy resistance 1, electricity resistance, unbreathing,
petrification resistance, rot immunity, AC +4
a: no special abilities


You were on level 4 of the Dungeon.
You were not hungry.

You visited 1 branch of the dungeon, and saw 4 of its levels.

You collected 92 gold pieces.

Inventory:

Hand weapons
 a - a +0 flail (weapon)
 k - a +2 halberd of freezing
   (You took it off a gnoll on level 3 of the Dungeon)
Armour
 b - a +0 scale mail (worn)
 c - a +0 shield
 v - a +2 buckler (worn)
   (You found it on level 3 of the Dungeon)
Jewellery
 p - an uncursed amulet of regeneration {unknown}
   (You found it on level 2 of the Dungeon)
 t - an uncursed ring of fire {unknown}
   (You found it on level 3 of the Dungeon)
 x - the ring of Uziffaf {SustAt *Corrode rElec rC+++ Dex+4, unknown}
   (You found it on level 4 of the Dungeon)

   [ring of sustain attributes]

   It sustains your strength, intelligence and dexterity.
   It affects your dexterity (+4).
   It renders you almost immune to cold.
   It insulates you from electricity.
   It may corrode your equipment when you take damage.
Magical devices
 l - a wand of teleportation (4)
   (You found it on level 3 of the Dungeon)
Scrolls
 f - 3 scrolls of identify {unknown}
 h - 3 scrolls of amnesia {unknown}
 i - 3 scrolls of magic mapping {unknown}
 j - a scroll of enchant armour {unknown}
 m - a scroll of random uselessness {unknown}
 o - 2 scrolls of remove curse {unknown}
 q - a scroll of immolation {unknown}
 r - 2 scrolls of teleportation {unknown}
 s - a scroll of enchant weapon {unknown}
Potions
 d - a potion of resistance {unknown}
 g - 2 potions of degeneration {unknown}
 n - a potion of curing {unknown}
 u - a potion of lignification {unknown}
Comestibles
 e - 4 bread rations {@e1}
 z - a meat ration {@e2}
 A - a slice of pizza


   Skills:
 + Level 4.8 Fighting
 + Level 3.8 Maces & Flails
 + Level 5.0 Armour
 + Level 4.8 Shields


You had 5 spell levels left.
You didn't know any spells.

Dungeon Overview and Level Annotations

Branches:
Dungeon (4/15)
 Temple: D:4-7

Altars:

Annotations:
D:4 Dowan


Innate Abilities, Weirdness & Mutations

You are resistant to torment.
Your stone body is resilient (AC +4).
You are immune to poison.
You resist negative energy.
You are resistant to electric shocks.
You can survive without breathing.
You are immune to petrification.
You are immune to rotting.


Message History

No target in view!
Items here: ( )) † an uncursed whip; an uncursed blowgun; 15 poisoned needles; a kobold corpse
Found an escape hatch in the floor.
Health restored: 39
g - 2 fizzy golden potions
There is an escape hatch in the floor here.
You now have 92 gold pieces (gained 17).
z - a meat ration {@e2}
A - a slice of pizza
Found a stone staircase leading down.
A bat comes into view.
The bat hits you but does no damage.
Your scale mail prevents you from hitting the bat.
The bat closely misses you.
You barely miss the bat. The bat hits you but does no damage.
You closely miss the bat. The bat closely misses you.
You block the bat's attack. The bat barely misses you.
You hit the bat.
You kill the bat!
You see here a bat corpse.
o - 2 scrolls labeled DEYH GINYB (gained 1)
An orc comes into view. It is wielding a dagger.
The orc shouts!
You block the orc's attack.
You hit the orc. The orc hits you but does no damage.
You hit the orc. You block the orc's attack.
Your scale mail prevents you from hitting the orc.
The orc hits you but does no damage.
You closely miss the orc. You block the orc's attack.
The orc hits you with a dagger.
You take 1 damage, and have 38/39 hp.
You closely miss the orc. The orc closely misses you.
You hit the orc.
You kill the orc!
You see here a dagger.
A hobgoblin comes into view. It is wielding a club.
Health restored: 39 The hobgoblin throws a stone.
The stone hits you but does no damage.
The hobgoblin hits you but does no damage.
You barely miss the hobgoblin. The hobgoblin barely misses you.
You sock the hobgoblin!
You kill the hobgoblin!
No target in view!
No target in view!
Duvessa, Sister of Dowan comes into view.
She is wielding a short sword.
Duvessa shouts!
Found an escape hatch in the ceiling.
An ogre and Dowan come into view.
Things that are here:
a club; 22 stones Duvessa says, "Where magic fails, the sword succeeds!"
You see here a dagger.
Dowan shouts!
Duvessa hits you with a short sword.
You take 1 damage, and have 38/39 hp.
You hit Duvessa but do no damage. Duvessa hits you with a short sword.
You block Duvessa's attack.
You take 3 damage, and have 35/39 hp.
You hit Duvessa. Duvessa barely misses you.
You hit Duvessa. Duvessa barely misses you.
You closely miss Duvessa. You block Duvessa's attack.
Dowan says, "Stay away from my face!"
You hit Duvessa but do no damage. Duvessa hits you but does no damage.
The ogre shouts!
You thump Duvessa! Duvessa hits you with a short sword.
Duvessa hits you but does no damage.
You take 4 damage, and have 31/39 hp.
Your scale mail prevents you from hitting Duvessa.
Duvessa hits you but does no damage.
You hit Duvessa but do no damage.
Dowan casts a spell at Duvessa.
Duvessa seems to speed up.
Duvessa barely misses you.
You thump Duvessa! Duvessa hits you but does no damage.
Dowan mumbles some strange words.
Dowan blinks!
Drink which item? (? for menu, Esc to quit)
You feel yourself speed up. Duvessa hits you but does no damage.
Duvessa hits you but does no damage.
You are very lightly contaminated with residual magic.
You sock Duvessa!
You kill Duvessa!
You hear a distant wail of despair.
Your Armour skill increases to level 5!
A hobgoblin comes into view.
Dowan seems to find hidden reserves of power!
The hobgoblin shouts!
The ogre hits you with a giant club!
Things that are here:
a short sword; a ring mail; the elf corpse of Duvessa You take 12 damage, and have 19/40 hp.
MASSIVE DAMAGE!!
You thump the ogre! Dowan gestures at you while chanting.
The shard of ice misses you.
You hit the ogre. The ogre barely misses you.
You completely miss the ogre. Dowan hits you but does no damage.
The ogre hits you with a giant club!!
Ouch! That really hurt!
You die...

### #. ..# ##### #. #.#
#...# ## #. #.# #...# ...
#.##.## ####...####
..##.....####.........# O
... #...O@..........#
....##.##g..e##.........#
.......)......####...####
<...#.####...## #...# e #
##.## #...# #$# ##.## #.#
#.# #+# #.# #.#


You could see an ogre, Dowan and a hobgoblin.

Vanquished Creatures
  Duvessa (D:4)
  An ogre (D:3)
  An orc priest (D:3)
  4 adders
  4 gnolls (D:3)
  A worm (D:2)
  9 orcs
  11 bats
  9 hobgoblins
  6 jackals
  5 kobolds
  A quokka (D:3)
  3 ball pythons
  5 giant cockroaches
  A giant gecko (D:1)
  3 giant newts
  3 goblins
  11 rats
79 creatures vanquished.

Notes
Turn   | Place    | Note
--------------------------------------------------------------
     0 | D:1      | Xvorost the Gargoyle Fighter began the quest for the Orb.
     0 | D:1      | Reached XP level 1. HP: 14/14 MP: 1/1
    80 | D:1      | Reached XP level 2. HP: 19/19 MP: 2/2
   648 | D:1      | Reached XP level 3. HP: 24/24 MP: 3/3
   919 | D:2      | SWAGNEMITE: https://lookupdb.guy.ht/#term/gargoyle_reasons
  1343 | D:3      | Reached XP level 4. HP: 29/29 MP: 4/4
  1434 | D:3      | HP: 7/29 [orc priest/divine providence (10)]
  1441 | D:3      | Reached skill level 4 in Shields
  1445 | D:3      | Reached skill level 4 in Fighting
  1445 | D:3      | HP: 4/29 [orc priest/divine providence (11)]
  1452 | D:3      | Reached skill level 4 in Armour
  1975 | D:3      | Reached skill level 3 in Maces & Flails
  1987 | D:3      | Reached XP level 5. HP: 22/33 MP: 5/5
  1994 | D:3      | HP: 7/33 [gnoll/halberd (12)]
  2808 | D:3      | Noticed an ogre
  2820 | D:3      | Killed an ogre
  2820 | D:3      | Reached XP level 6. HP: 14/39 MP: 6/6
  3243 | D:4      | Got a wavering brass ring
  3425 | D:4      | Noticed Duvessa
  3426 | D:4      | Noticed Dowan
  3449 | D:4      | Killed Duvessa
  3449 | D:4      | Reached skill level 5 in Armour
  3453 | D:4      | Slain by an ogre

Vault maps used:
D:1:      dpeg_arrival_simpleton_b, grunt_decor_resistance
D:4:      uniq_duvessa

Action                   |  1- 3 |  4- 6 || total
-------------------------+-------+-------++-------
Melee: Flail             |   141 |   135 ||   276
  Use: Potion            |       |     4 ||     4
  Eat: Chunk             |     2 |     5 ||     7
       Beef jerky        |       |     1 ||     1

Vault maps used:
D:1:      dpeg_arrival_simpleton_b, grunt_decor_resistance
D:4:      uniq_duvessa

Table legend:
 A = Turns spent in this place as a percentage of turns spent in the entire game.
 B = Non-inter-level travel turns spent in this place as a percentage of non-inter-level travel turns spent in the entire game.
 C = Inter-level travel turns spent in this place as a percentage of turns spent in this place.
 D = Turns resting spent in this place as a percentage of non-inter-level travel turns spent in this place.
 E = Turns spent auto-exploring this place as a percentage of non-inter-level travel turns spent in this place.
 F = Non-inter-level travel turns spent in this place divided by the number of levels of this place that you've seen.
                   A       B       C       D       E      F
               +-------+-------+-------+-------+-------+----------------------
         Total | 100.0 | 100.0 |   0.1 |   2.6 |  10.9 | 217.0
       Dungeon | 100.0 | 100.0 |   0.1 |   2.6 |  10.9 | 217.0
               +-------+-------+-------+-------+-------+----------------------

Table legend:
 A = Kills in this place as a percentage of kills in entire the game.
 B = Kills by you in this place as a percentage of kills by you in the entire game.
 C = Kills by friends in this place as a percentage of kills by friends in the entire game.
 D = Other kills in this place as a percentage of other kills in the entire game.
 E = Experience gained in this place as a percentage of experience gained in the entire game.
 F = Experience gained in this place divided by the number of levels of this place that you have seen.
                   A       B       C       D       E      F
               +-------+-------+-------+-------+-------+----------------------
         Total | 100.0 | 100.0 |  -nan |  -nan | 100.0 | 130.2
       Dungeon | 100.0 | 100.0 |  -nan |  -nan | 100.0 | 130.2
               +-------+-------+-------+-------+-------+----------------------
